 Dungeon Crawl Stone Soup version 0.25-a0-322-g3677130cb1 (webtiles) character file.

Game seed: 16669415208378185412, levelgen mode: deterministic

119 wullow the Shield-Bearer (level 5, 0/41 HPs)
             Began as a Human Fighter on Dec 27, 2019.
             Slain by a gnoll (2 damage)
             ... on level 3 of the Dungeon.
             The game lasted 00:04:09 (1797 turns).

wullow the Shield-Bearer (Human Fighter)            Turns: 1797, Time: 00:04:10

Health: 0/41       AC:  6    Str: 17    XL:     5   Next: 23%
Magic:  5/5        EV:  7    Int:  9    God:
Gold:   71         SH:  9    Dex: 12    Spells: 4/4 levels left

rFire    . . .     SeeInvis .   a - +0 long sword
rCold    . . .     Gourm    .   c - +0 shield
rNeg     . . .     Faith    .   b - +0 scale mail
rPois    .         Spirit   .   (no helmet)
rElec    .         Reflect  .   (no cloak)
rCorr    .         Harm     .   (no gloves)
MR       .....                  (no boots)
Stlth    ..........             (no amulet)
HPRegen  0.13/turn              (no ring)
MPRegen  0.09/turn              (no ring)

@: no status effects
A: no striking features
a: no special abilities


You were on level 3 of the Dungeon.
You were not hungry.

You visited 1 branch of the dungeon, and saw 3 of its levels.

You collected 71 gold pieces.

Inventory:

Hand Weapons
 a - a +0 long sword (weapon)
 m - a +1 short sword of venom
 r - a +0 spear
Missiles
 t - 50 stones (quivered)
 u - 2 throwing nets
Armour
 b - a +0 scale mail (worn)
 c - a +0 shield (worn)
 o - a +0 buckler
Jewellery
 j - a +4 ring of slaying {unknown}
 s - an uncursed amulet of the acrobat {unknown}
Scrolls
 g - a scroll of magic mapping {unknown}
 l - a scroll of immolation
 n - 2 scrolls of teleportation {unknown}
 p - 2 scrolls of random uselessness {unknown}
 q - a scroll of remove curse
 v - a scroll of enchant armour {unknown}
Potions
 d - 2 potions of might
 e - a potion of lignification {unknown}
 i - a potion of agility {unknown}
 k - a potion of heal wounds {unknown}
 w - a potion of cancellation {unknown}
Comestibles
 f - 5 rations


   Skills:
 - Level 3.0 Fighting
 + Level 3.8 Long Blades
 - Level 3.0 Armour
 + Level 4.4 Shields


You had 4 spell levels left.
You didn't know any spells.
Your spell library was empty.

Dungeon Overview and Level Annotations

Branches:
Dungeon (3/15)

Altars:


Message History

The adder is severely wounded.
You block the gnoll's attack.
The gnoll hits you from afar with a cursed -3 spear!
The adder closely misses you.
You riposte.
You slash the adder!
You kill the adder!
The gnoll hits you.
The gnoll hits you from afar with a cursed -3 spear!
* * * LOW HITPOINT WARNING * * *
You block the gnoll's attack.
As you read the scroll labeled JEVAPH VUVVA, it crumbles to dust.
You feel blessed for a moment.
It was a scroll of remove curse.
You block the gnoll's attack.
The gnoll hits you from afar with a cursed -3 spear.
* * * LOW HITPOINT WARNING * * *
Unknown command.
As you read the scroll labeled SOEKHLOM ZISOST, it crumbles to dust.
The creatures around you are filled with an inner flame!
It was a scroll of immolation.
The gnoll closely misses you. The gnoll hits you.
You die...

#...(...
#...(..# .. .
#......# ... ..
#......##...
...#(..).......
.......(K......
..#....gg......
#...g<.......
#....@.......
#............
#.....####...
#...### ...
#... .. ####


You could see 3 gnolls and a kobold (inner flame).

Vanquished Creatures
  Natasha (twice) (D:2)
  A gnoll (D:3)
  2 adders
  A dart slug (D:1)
  4 bats
  A giant cockroach (D:1)
  6 goblins
  5 hobgoblins
  4 jackals (D:2)
  3 frilled lizards (D:1)
  4 kobolds
  4 rats
37 creatures vanquished.

Notes
Turn   | Place    | Note
-------+----------+-------------------------------------------
     0 | D:1      | wullow the Human Fighter began the quest for the Orb.
     0 | D:1      | Reached XP level 1. HP: 18/18 MP: 1/1
   117 | D:1      | Reached XP level 2. HP: 23/24 MP: 2/2
   493 | D:1      | Reached XP level 3. HP: 29/29 MP: 3/3
   865 | D:2      | Noticed Natasha
  1422 | D:2      | Reached XP level 4. HP: 35/35 MP: 4/4
  1534 | D:2      | Killed Natasha
  1534 | D:2      | Reached skill level 4 in Shields
  1691 | D:2      | Noticed Natasha
  1698 | D:2      | Killed Natasha
  1698 | D:2      | Reached XP level 5. HP: 36/41 MP: 5/5
  1796 | D:3      | HP: 2/41 [gnoll/cursed -3 spear (2)]
  1797 | D:3      | Slain by a gnoll

Levels and vault maps discovered:
D:1:      dpeg_arrival_rooms_with_view, layout_loops_ring,
          minmay_misc_feat_square
D:2:      layout_loops_ring, first_ration, uniq_natasha
D:3:      layout_basic, serial_glass, glass_columns_b, glass_columns_b

Skill      XL: |  1  2  3  4 |
---------------+-------------+-----
Long Blades    | 3 |  3.8
Shields        | 4 |  4.4
Fighting       | |  3.0
Armour         | |  3.0

Action                   |  1- 3 |  4- 6 || total
-------------------------+-------+-------++-------
Melee: Long sword        |   105 |    16 ||   121
Throw: Stone             |     1 |     3 ||     4
  Use: Scroll            |       |     2 ||     2
  Eat: Chunk             |     2 |     1 ||     3
Armor: Scale mail        |    43 |     4 ||    47
Dodge: Dodged            |    35 |     9 ||    44
Block: Shield            |    58 |    10 ||    68
       Rpst.: Long sword |    15 |     6 ||    21

Table legend:
 A = Non-vault XP
 B = Vault XP
 C = Vault XP percentage of total XP
 D = Non-vault monster count
 E = Vault monster count
 F = Vault count percentage of total count
                 A         B        C        D         E       F
            +---------+---------+-------+---------+---------+-------
      Total |     128 |      42 |  24.7 |      34 |       3 |   8.1
            +---------+---------+-------+---------+---------+-------
        D:1 |      40 |       6 |  13.0 |      18 |       2 |  10.0
        D:2 |      60 |      36 |  37.5 |      14 |       1 |   6.7
        D:3 |      28 |       0 |   0.0 |       2 |       0 |   0.0
            +---------+---------+-------+---------+---------+-------
